 Dungeon Crawl Stone Soup version 0.27-a0-1319-geec4fb4e21 (webtiles) character file.

Game seed: 15557286487582999409

91 drugrobin the Slasher (level 4, 0/36 HPs)
             Began as a Demigod Warper on June 22, 2021.
             Succumbed to a killer bee's poison
             ... on level 3 of the Dungeon.
             The game lasted 00:04:32 (3374 turns).

drugrobin the Slasher (Demigod Warper)              Turns: 3374, Time: 00:04:33

Health: 0/36       AC:  4    Str: 16    XL:     4   Next: 12%
Magic:  7/9        EV: 12    Int: 15    God:
Gold:   215        SH:  0    Dex: 13    Spells: 3/6 levels left

rFire    . . .     SeeInvis .   a - +2 short sword (vamp)
rCold    . . .     Faith    .   (no shield)
rNeg     . . .     Spirit   .   r - +0 leather armour
rPois    .         Reflect  .   (no helmet)
rElec    .         Harm     .   (no cloak)
rCorr    .         Rampage  .   s - +0 pair of gloves
Will     .....                  (no boots)
Stlth    +.........             (no amulet)
HPRegen  0.12/turn              (no ring)
MPRegen  0.11/turn              (no ring)

@: lethally poisoned (0 -> -11)
A: high mp 1, forlorn
a: no special abilities


You were on level 3 of the Dungeon.
You visited 1 branch of the dungeon, and saw 4 of its levels.

You collected 215 gold pieces.

Inventory:

Hand Weapons
 a - a +2 vampiric short sword (weapon)
 b - a +0 hunting sling
 p - a +0 falchion
 y - a +0 long sword
Missiles
 d - 5 boomerangs of dispersal
 e - 99 stones (quivered)
 g - 14 poisoned darts
 o - 26 sling bullets
Armour
 r - a +0 leather armour (worn)
 s - a +0 pair of gloves (worn)
Scrolls
 c - a scroll of blinking
 f - a scroll of holy word {unknown}
 h - 2 scrolls of noise {unknown}
 i - 5 scrolls of identify {unknown}
 j - 3 scrolls of magic mapping {unknown}
 m - a scroll of enchant armour {unknown}
 q - 3 scrolls of fear {unknown}
 t - a scroll of immolation {unknown}
Potions
 k - a potion of curing {unknown}
 l - a potion of cancellation {unknown}
 n - a potion of brilliance {unknown}
 u - a potion of haste {unknown}
 v - a potion of heal wounds {unknown}
 w - a potion of invisibility {unknown}
 x - a potion of magic {unknown}


   Skills:
 + Level 2.0 Fighting
 - Level 3.9 Long Blades
 - Level 0.8 Throwing
 - Level 0.8 Armour
 + Level 2.0 Dodging
 - Level 1.9 Spellcasting
 - Level 2.6 Translocations


You had 3 spell levels left.
You knew the following spells:

 Your Spells              Type           Power      Damage    Failure   Level
a - Summon Small Mammal   Summ           4%         N/A       28%         1
b - Blink                 Tloc           N/A        N/A       14%         2

Your spell library contained the following spells:

 Spells                   Type           Power      Damage    Failure   Level
 Gell's Gravitas          Tloc           4%         N/A       28%         3
 Lesser Beckoning         Tloc           4%         N/A       28%         3
 Teleport Other           Tloc           9%         N/A       28%         3
 Call Imp                 Summ           1%         N/A       38%         2
 Call Canine Familiar     Summ           1%         N/A       63%         3
 Summon Guardian Golem    Hex/Summ       1%         N/A       63%         3
 Summon Ice Beast         Ice/Summ       1%         N/A       95%         4
 Summon Lightning Spire   Summ/Air       1%         N/A       95%         4
 Manifold Assault         Tloc           9%         N/A       95%         5


Dungeon Overview and Level Annotations

Branches:
Dungeon (4/15)
 Temple: D:4-7

Annotations:
D:1 Natasha


Innate Abilities, Weirdness & Mutations

Your attributes grow dramatically as you level up.
You have an increased reservoir of magic. (+10% MP)
You shall have no god before yourself.


Message History

You kill the ufetubus!
Your Fighting skill increases to level 2!
Your Dodging skill increases to level 2!
You feel a sense of dread.
a - a +2 vampiric short sword (weapon)
Okay, then. 3 killer bees come into view.
The killer bee buzzes angrily. x2
The killer bee moves out of view.
Found 10 gold pieces.
There are monsters nearby!
There are monsters nearby!
The killer bee completely misses you.
The killer bee buzzes angrily.
The killer bee closely misses you. x2
The killer bee stings you.
You are poisoned.
The killer bee poisons you!
You feel very sick.
You feel sick.
You feel sick. The killer bee misses you.
You feel sick. The killer bee stings you. x2
You are more poisoned.
The killer bee poisons you!
There is a stone staircase leading up here.
You feel sick. The killer bee stings you.
You are lethally poisoned!
The killer bee poisons you! The killer bee stings you.
* * * LOW HITPOINT WARNING * * *
The killer bee barely misses you.
The killer bee stings you but does no damage. x2
You climb upwards.
* * * LOW HITPOINT WARNING * * *
You feel very sick.
There is a stone staircase leading down here.
Unknown command.
Casting: Blink (safe; 14% risk of failure)
Confirm with . or Enter, or press ? or * to list all spells.
You blink.
You die...

#..####...### #..# ##.######
#.....#...# #..###........
##.......### ##.......#####.
#.........## #.....#..# #.
##...#.....####.....#..#####.
##........#....y............
#.##.....#.##..ยง..#...###..
#.###....#.##.y.......# #..
#.# ##.#..@...........# #..
#.# #.....#######..#.# #..
#.# ###.#.# #####..#.# #.#
#.# #.#.###...<....###.#
#.######.......###.........
#.......##..#### #..#.###.#
#######.###.# #..#.##.## #.#
#.# #..#....# #.# #.#
#..####.##


You could see a killer bee.

Vanquished Creatures
  2 adders
  An ufetubus (D:4)
  2 worms
  2 dart slugs
  2 orcs (D:3)
  3 ball pythons
  4 endoplasms
  5 goblins
  6 hobgoblins
  3 jackals (D:2)
  6 kobolds
  3 quokkas
  5 bats
  3 frilled lizards
  7 rats
54 creatures vanquished.

Notes
Turn   | Place    | Note
-------+----------+-------------------------------------------
     0 | D:1      | drugrobin the Demigod Warper began the quest for the Orb.
     0 | D:1      | Reached XP level 1. HP: 17/17 MP: 5/5
   131 | D:1      | Reached skill level 2 in Long Blades
   260 | D:1      | Reached XP level 2. HP: 11/24 MP: 7/7
   506 | D:1      | Learned a level 2 spell: Blink
  1342 | D:1      | Reached skill level 3 in Long Blades
  1410 | D:2      | Noticed Natasha
  1709 | D:2      | Reached XP level 3. HP: 29/29 MP: 8/8
  2461 | D:3      | Learned a level 1 spell: Summon Small Mammal
  2710 | D:3      | Reached XP level 4. HP: 36/36 MP: 9/9
  3374 | D:3      | Succumbed to a killer bee's poison

Illustrated notes

Levels and vault maps discovered:
D:1:      erik_arrival_orb_chamber, layout_basic
D:2:      layout_rooms, basic_altar, ebering_ecumenical_altar_abandoned,
          uniq_natasha
D:3:      layout_loops_ring, old_standard_altar
D:4:      layout_loops_cross, chequers_serial_rivers_marsh, columned_hall_lemuel

Skill      XL: |  1  2  3  4 |
---------------+-------------+-----
Long Blades    | 2 3 |  3.9
Fighting       | 2 |  2.0
Dodging        | 2 |  2.0
Throwing       | |  0.8
Armour         | |  0.8
Spellcasting   | |  1.9
Translocations | |  2.6

Action                   |  1- 3 |  4- 6 || total
-------------------------+-------+-------++-------
Melee: Falchion          |   117 |       ||   117
       Short sword       |    18 |     7 ||    25
       Long sword        |       |     3 ||     3
 Fire: Hunting sling     |     1 |       ||     1
Throw: Stone             |     2 |       ||     2
 Cast: Blink             |     2 |     1 ||     3
 Stab: Sleeping          |     1 |       ||     1
Armor: Leather armour    |    41 |     4 ||    45
Dodge: Dodged            |   110 |    10 ||   120
       Rpst.: Falchion   |    26 |       ||    26

Table legend: (Time is in decaauts)
 A = Elapsed time spent in this place.
 B = Non-inter-level travel time spent in this place.
 C = Inter-level travel time spent in this place.
 D = Time resting spent in this place.
 E = Time spent auto-exploring this place.
 F = Levels seen in this place.
 G = Mean time per level.
                   A        B        C        D        E       F      G
               +--------+--------+--------+--------+--------+-----+--------+
         Total |   3391 |   3315 |     76 |    715 |   2026 |   4 |  847.8 |
       Dungeon |   3391 |   3315 |     76 |    715 |   2026 |   4 |  847.8 |
               +--------+--------+--------+--------+--------+-----+--------+

Top non-repeatable levels by time:
     D:1: 1426 daAuts
     D:3: 790 daAuts
     D:2: 785 daAuts
     D:4: 389 daAuts
